 Dungeon Crawl Stone Soup version 0.27-a0-906-g0a00ce863d (webtiles) character file.

Game seed: 8115212472517752973

52 spiderkeys the Ruffian (level 3, -1/30 HPs)
             Began as a Ghoul Gladiator on Apr 6, 2021.
             Slain by a gnoll
             ... wielding a +0 whip
              (3 damage)
             ... on level 2 of the Dungeon.
             The game lasted 00:01:30 (1036 turns).

spiderkeys the Ruffian (Ghoul Gladiator)            Turns: 1036, Time: 00:01:31

Health: -1/30      AC:  4    Str: 17    XL:     3   Next: 85%
Magic:  2/2        EV: 12    Int:  4    God:
Gold:   69         SH:  0    Dex: 10    Spells: 2/2 levels left

rFire    . . .     SeeInvis .     - Unarmed
rCold    + . .     Faith    .   (no shield)
rNeg     + + +     Spirit   .   a - +0 leather armour
rPois    ∞         Reflect  .   b - +0 helmet
rElec    .         Harm     .   (no cloak)
rCorr    .         Rampage  .   (no gloves)
Will     .....                  (no boots)
Stlth    +.........             (no amulet)
HPRegen  0.00/turn              (no ring)
MPRegen  0.08/turn              (no ring)

@: no status effects
A: claws 1, cold resistance 1, negative energy resistance 3, inhibited
regeneration, torment resistance 2, unbreathing 1
a: no special abilities


You were on level 2 of the Dungeon.
You visited 1 branch of the dungeon, and saw 2 of its levels.

You collected 69 gold pieces.

Inventory:

Missiles
 c - 3 throwing nets (quivered)
Armour
 a - a +0 leather armour (worn)
 b - a +0 helmet (worn)
Scrolls
 d - a scroll of fear
 g - 2 scrolls of teleportation
 h - a scroll of identify {unknown}
 i - a scroll of noise {unknown}
Potions
 e - a potion of resistance {unknown}
 f - a potion of berserk rage {unknown}
 j - a potion of haste {unknown}
 k - a potion of flight {unknown}


   Skills:
 + Level 2.8 Fighting
 - Level 1.7 Throwing
 + Level 1.1 Armour
 + Level 3.0 Dodging
 * Level 4.1 Unarmed Combat


You had 2 spell levels left.
You didn't know any spells.
Your spell library was empty.

Dungeon Overview and Level Annotations

Branches:
Dungeon (2/15)

Altars:


Innate Abilities, Weirdness & Mutations

You thrive by killing the living.
You are immune to poison.
You have sharp fingernails.
Your flesh is cold resistant. (rC+)
You are immune to negative energy. (rN+++)
You do not regenerate when monsters are visible.
You are immune to unholy pain and torment.
You can survive without breathing.


Message History

The kobold closely misses you.
You scratch the kobold but do no damage.
The gnoll closely misses you. The kobold completely misses you.
You barely miss the kobold. The gnoll barely misses you.
You claw the kobold!
You kill the kobold!
You feel better.
The gnoll hits you from afar with a +0 halberd!
Your Armour skill increases to level 1!
Your Dodging skill increases to level 3!
The gnoll misses you.
You see here a +0 short sword.
You barely miss the gnoll. You scratch the gnoll.
The gnoll is heavily wounded.
The gnoll hits you with a +0 halberd.
You are too injured to fight recklessly!
You are too injured to fight recklessly!
You are too injured to fight recklessly!
You are too injured to fight recklessly!
You closely miss the gnoll.
The gnoll is heavily wounded.
The gnoll barely misses you.
You claw the gnoll!
You kill the gnoll!
Your Unarmed Combat skill increases to level 4!
You barely miss the gnoll. The gnoll hits you with a +0 flail.
You scratch the gnoll.
The gnoll is moderately wounded.
The gnoll closely misses you.
You claw the gnoll!
You kill the gnoll!
You claw the gnoll!
The gnoll is heavily wounded.
The gnoll hits you with a +0 whip!
* * * LOW HITPOINT WARNING * * *
You barely miss the gnoll.
The gnoll is heavily wounded.
The gnoll hits you with a +0 whip.
You die...

#.........#
##...######
#..## #..#
#######..#
#........#
...#####.##
#..# #@## #g#
... .....
.......
.........
...........
............#


You could see a gnoll.

Vanquished Creatures
  2 gnolls (D:2)
  A dart slug (D:2)
  A ball python (D:1)
  6 bats
  4 endoplasms (D:1)
  2 giant cockroaches (D:1)
  3 goblins (D:1)
  2 hobgoblins (D:1)
  2 frilled lizards (D:1)
  4 kobolds
  2 rats (D:1)
29 creatures vanquished.

Notes
Turn   | Place    | Note
-------+----------+-------------------------------------------
     0 | D:1      | spiderkeys the Ghoul Gladiator began the quest for the Orb.
     0 | D:1      | Reached XP level 1. HP: 17/17 MP: 0/0
   164 | D:1      | Reached XP level 2. HP: 24/25 MP: 1/1
   597 | D:1      | Found a faded altar of an unknown god.
   741 | D:1      | Reached XP level 3. HP: 30/30 MP: 2/2
  1027 | D:2      | Reached skill level 1 in Armour
  1032 | D:2      | Reached skill level 4 in Unarmed Combat
  1036 | D:2      | Slain by a gnoll

Illustrated notes

Levels and vault maps discovered:
D:1:      dpeg_arrival_three_same_balls, layout_basic, basic_ecumenical_altar
D:2:      cheibrodos_pilgrimage, layout_rooms, serial_corexii_hall,
          corexii_hall_statues_t, corexii_hall_statues_t,
          minmay_misc_feat_columns

Skill      XL: |  1  2  3 |
---------------+----------+-----
Armour         | 1 |  1.1
Dodging        | 3 |  3.0
Unarmed Combat | 4 |  4.1
Fighting       | |  2.8
Throwing       | |  1.7

Action                   || total
-------------------------++-------
Melee: Unarmed           ||    79
       Punch             ||     2
  Use: Scroll            ||     2
Armor: Leather armour    ||    19
Dodge: Dodged            ||    45

Table legend: (Time is in decaauts)
 A = Elapsed time spent in this place.
 B = Non-inter-level travel time spent in this place.
 C = Inter-level travel time spent in this place.
 D = Time resting spent in this place.
 E = Time spent auto-exploring this place.
 F = Levels seen in this place.
 G = Mean time per level.
                   A        B        C        D        E       F      G
               +--------+--------+--------+--------+--------+-----+--------+
         Total |   1031 |   1012 |     19 |      0 |    866 |   2 |  515.5 |
       Dungeon |   1031 |   1012 |     19 |      0 |    866 |   2 |  515.5 |
               +--------+--------+--------+--------+--------+-----+--------+

Top non-repeatable levels by time:
     D:1: 994 daAuts
     D:2: 36 daAuts
